Map: [ESL] Alcyone

Players

AqueroN

  • Race: Terran Terran
  • Spawn Location: 1:00

Bly - Winner!

  • Race: Zerg Zerg
  • Spawn Location: 7:00

VOD

Have the link to the VOD?

Description

Time

  • Played on: April 11, 2024, 2:01 p.m.
  • Length: 28:40
Show
View Real Time Build Order
Export as new Build Order

AqueroN Terran 

Build Orders:  

Get SALT Encoding   

  12  0:00  SCV  
  13  0:12  SCV  
  14  0:18  Supply Depot  
  14  0:24  SCV  
  15  0:40  SCV  
  15  0:41  Barracks  
  16  0:43  Refinery  
  16  0:52  SCV  
  17  1:03  Barracks  
  17  1:04  SCV  
  18  1:16  SCV  
  19  1:27  Reaper  
  19  1:29  Orbital Command  
  20  1:42  Supply Depot  
  20  1:50  Reaper  
  21  1:55  SCV  
  22  2:04  Reaper  
  23  2:10  Command Center  
  23  2:13  SCV  
  24  2:18  Refinery  
  24  2:25  SCV  
  25  2:37  SCV  
  25  2:41  Factory  
  26  2:47  Supply Depot  
  26  2:49  SCV  
  27  2:59  Barracks Reactor, Barracks Tech Lab  
  27  3:02  SCV  
  28  3:14  SCV  
  28  3:15  Command Center  
  28  3:18  Marine  
  30  3:25  Orbital Command  
  30  3:28  SCV  
  31  3:37  Cyclone  
  31  3:39  Cyclone  
  35  3:42  SCV  
  35  3:45  Barracks Reactor  
  35  3:46  Marine  
  37  3:52  SCV  
  37  3:54  Stimpack  
  38  3:56  SCV  
  39  4:04  SCV  
  39  4:09  SCV  
  41  4:16  SCV  
  42  4:22  Marine  
  42  4:23  Marine  
  44  4:28  SCV  
  43  4:33  Orbital Command  
  43  4:34  Marine  
  43  4:35  Hellion  
  43  4:36  Hellion  
  47  4:40  Marine x2  
  47  4:42  Starport  
  47  4:44  SCV x2  
  51  4:46  Supply Depot  
  51  4:52  Marine  
  52  4:56  Supply Depot  
  52  4:57  SCV x2  
  52  4:58  Marine x2  
  51  5:07  Cyclone  
  51  5:09  Marine  
  45  5:15  Marine  
  45  5:16  Marine  
  43  5:21  SCV x2  
  43  5:24  Starport Reactor  
  43  5:26  SCV  
  43  5:27  Marine  
  47  5:33  Marine, SCV x2, Combat Shield  
  47  5:34  Marine  
  51  5:39  SCV  
  52  5:43  Barracks, Cyclone  
  52  5:47  SCV x2  
  56  5:51  Cyclone  
  56  5:53  Marine  
  56  5:54  SCV  
  60  5:59  SCV x2  
  60  6:03  Medivac  
  60  6:04  Medivac  
  66  6:05  Marine  
  66  6:07  SCV  
  68  6:11  SCV  
  68  6:12  SCV  
  68  6:14  Marine x2  
  68  6:18  Engineering Bay  
  72  6:19  Engineering Bay  
  72  6:22  SCV  
  72  6:24  SCV, Refinery  
  74  6:26  Supply Depot  
  74  6:30  SCV  
  75  6:33  Marine x2  
  75  6:34  SCV  
  75  6:36  SCV  
  75  6:38  Factory Tech Lab  
  79  6:42  Barracks  
  79  6:44  Marine x2  
  79  6:46  Barracks  
  79  6:50  Marine  
  79  6:51  Marine, SCV x2  
  82  6:58  Marine, SCV  
  77  7:01  Marine x2  
  77  7:03  SCV  
  77  7:05  Siege Tank  
  83  7:11  Terran Infantry Armor Level 1, Terran Infantry Weapons Level 1  
  83  7:12  SCV x2  
  78  7:23  Marine x3  
  78  7:24  Marine, SCV  
  78  7:25  SCV x2  
  83  7:31  Refinery  
  83  7:36  Barracks Tech Lab  
  83  7:37  Barracks Tech Lab, Marauder  
  85  7:41  Siege Tank  
  85  7:42  SCV x2  
  90  7:44  Supply Depot, SCV  
  90  7:48  Supply Depot  
  91  7:53  Marine x2  
  93  7:59  Supply Depot x2  
  93  8:05  Marine, Medivac x2  
  93  8:06  SCV x3  
  93  8:10  Marine, Marauder  
  104  8:19  Marauder  
  108  8:20  Marine x2, Marauder  
  108  8:30  Marine  
  108  8:31  Marine, SCV  
  108  8:32  SCV  
  107  8:35  Supply Depot  
  107  8:41  Orbital Command  
  106  8:44  SCV x2  
  106  8:46  Medivac  
  106  8:48  Siege Tank, Armory  
  112  8:56  SCV x2  
  112  8:57  Marine x2, Marauder x3  
  112  8:58  Marine x2  
  122  9:08  SCV x2  
  122  9:09  Factory  
  124  9:10  Concussive Shells  
  124  9:14  SCV  
  125  9:18  Marauder x2  
  125  9:20  SCV x2  
  125  9:24  Marine x4  
  128  9:25  Marauder  
  128  9:31  Missile Turret  
  133  9:36  Missile Turret, SCV x3  
  136  9:44  Terran Infantry Armor Level 2, Terran Infantry Weapons Level 2  
  136  9:47  Terran Vehicle Weapons Level 1  
  136  9:49  SCV x3  
  136  9:52  Supply Depot, Refinery  
  139  9:53  Refinery  
  139  9:56  Marauder  
  139  9:59  Factory Tech Lab  
  141  10:01  Supply Depot  
  141  10:10  Marauder  
  141  10:11  Marine x2  
  141  10:13  Marine x2  
  141  10:14  Marauder  
  145  10:21  Marauder  
  144  10:22  Siege Tank  
  144  10:23  Siege Tank  
  150  10:30  Ghost Academy  
  150  10:32  Supply Depot x2, Marauder  
  150  10:34  Command Center  
  152  10:37  Medivac  
  152  10:39  Marine x3  
  157  10:44  Supply Depot  
  157  10:53  Marine, Medivac  
  159  11:01  Siege Tank x2  
  159  11:03  Marine x3  
  168  11:08  Medivac  
  168  11:10  Supply Depot  
  170  11:12  Supply Depot  
  170  11:19  Ghost  
  170  11:20  Ghost  
  174  11:27  Marine x4  
  174  11:28  Command Center  
  178  11:38  Marauder  
  180  11:41  Siege Tank  
  180  11:42  Siege Tank  
  180  11:44  Sensor Tower  
  180  11:46  Medivac  
  188  11:50  Marine x3  
  188  11:51  Marine  
  188  11:53  Ghost  
  184  12:13  Marauder x2  
  184  12:15  Marine x4  
  192  12:22  Marauder  
  194  12:32  Marine  
  194  12:33  Marine  
  194  12:34  Marauder x2  
  200  12:43  Marauder  
  200  12:44  Viking x2  
  182  12:58  Marine x4  
  164  13:08  Ghost x2  
  164  13:09  Ghost  
  164  13:11  SCV x3  
  179  13:14  Viking x2  
  179  13:19  Marine x4  
  186  13:29  Siege Tank x2  
  185  13:36  Missile Turret x2, Ghost x2  
  185  13:37  Terran Vehicle Weapons Level 2  
  185  13:39  Marine x4  
  193  13:54  Viking x2  
  195  14:08  Orbital Command  
  195  14:10  Missile Turret  
  195  14:13  Refinery  
  195  14:14  Refinery  
  195  14:16  Ghost  
  195  14:17  Ghost  
  199  14:24  Planetary Fortress  
  199  14:34  Sensor Tower  
  199  14:38  Command Center  
  197  14:46  Viking  
  192  15:03  Barracks x2  
  192  15:06  Barracks  
  192  15:12  Command Center  
  192  15:13  Ghost x2  
  196  15:30  Ghost  
  196  15:32  Terran Infantry Weapons Level 3, Terran Infantry Armor Level 3  
  198  15:38  Thor  
  198  15:40  Thor  
  194  15:43  Personal Cloaking  
  194  15:48  Ghost  
  192  15:54  Viking x2  
  196  16:12  Orbital Command  
  196  16:16  Command Center  
  196  16:38  Missile Turret  
  196  16:43  Ghost  
  196  16:44  Ghost  
  196  16:45  Barracks Tech Lab x2  
  196  16:46  Terran Vehicle Weapons Level 3, Barracks Tech Lab  
  200  16:55  Factory  
  200  16:58  Factory  
  177  17:18  Medivac x2  
  162  17:32  Marine x2  
  162  17:33  Marine x2  
  172  17:37  Marauder x3  
  172  17:39  Factory Reactor  
  172  17:40  Thor  
  172  17:41  Siege Tank  
  181  17:48  Medivac x2  
  185  17:54  Marine x2  
  185  17:55  Marine x2  
  185  17:58  Marauder x4  
  194  18:17  Marine x2, Marauder x2  
  200  18:27  Orbital Command  
  147  18:41  Marauder x2  
  147  18:45  Marauder  
  147  18:46  Marine x3  
  116  18:51  Ghost x2  
  107  19:03  Hellbat x2, Factory Reactor  
  107  19:04  Siege Tank x2  
  107  19:05  Marine x4, Ghost x2  
  125  19:11  Ghost  
  125  19:12  Ghost  
  129  19:17  Medivac x2  
  129  19:20  Ghost x2  
  137  19:26  Marine x4  
  137  19:27  Hellbat x2  
  145  19:34  Refinery  
  145  19:36  Ghost x2  
  149  19:40  Marine x2  
  149  19:44  Marine  
  149  19:47  Hellbat x2  
  149  19:51  Ghost x2  
  157  19:53  Medivac x2  
  157  19:54  Marine x3  
  157  19:57  Refinery  
  169  20:05  Marauder x2  
  168  20:08  Infernal Pre-Igniter  
  168  20:10  Hellbat x4  
  168  20:11  Siege Tank x2  
  168  20:13  Starport  
  182  20:16  Marine, Ghost x2  
  182  20:17  Marine x3  
  182  20:20  Command Center  
  190  20:23  Command Center  
  190  20:33  Planetary Fortress  
  180  20:43  Ghost x3  
  180  20:48  Hellbat x4  
  180  20:49  SCV x5  
  195  20:52  Starport Reactor  
  192  21:00  Marauder  
  198  21:05  Refinery  
  198  21:14  Command Center  
  198  21:21  Liberator  
  198  21:22  Liberator  
  198  21:24  Fusion Core  
  200  21:36  Orbital Command x2  
  200  22:03  Sensor Tower  
  200  22:08  Command Center  
  200  22:10  Command Center  
  200  22:17  Liberator x3  
  199  22:28  Command Center  
  199  22:29  Command Center  
  199  22:32  Planetary Fortress  
  199  22:39  Missile Turret  
  199  22:43  Missile Turret  
  199  22:47  Terran Vehicle And Ship Armor Level 1  
  199  22:50  Advanced Ballistics  
  191  23:23  Siege Tank x2  
  191  23:24  Orbital Command  
  191  23:25  Liberator x2  
  200  23:31  Orbital Command  
  200  23:32  Liberator  
  200  23:45  Planetary Fortress  
  200  23:46  Orbital Command  
  200  23:50  Command Center  
  197  24:12  Liberator  
  200  24:34  Liberator  
  200  24:35  Liberator x2  
  194  24:55  Liberator  
  194  24:58  Ghost  
  199  25:17  Liberator  
  199  25:33  Hellion x6  
  199  25:49  Ghost  
  181  25:50  Ghost x3  
  181  25:51  Liberator  
  181  25:53  Medivac x2  
  185  26:05  Hellbat x4  
  193  26:16  Ghost x2  
  193  26:18  Liberator, Ghost  
  193  26:23  Liberator x2  
  182  26:36  Marine, Marauder  
  182  26:37  Marine x3, Marauder  
  182  26:38  Marauder  
  182  26:39  Liberator  
  155  26:45  Ghost x2  
  145  26:47  Marauder  
  122  26:54  Marine x3  
  122  26:58  Marauder x2  
  122  26:59  Marauder  
  122  27:01  Marine, Liberator  
  135  27:06  Liberator x2  
  123  27:09  Marauder  
  123  27:11  Orbital Command  
  123  27:14  Marine x2, Marauder x2  
  122  27:19  Marauder  
  122  27:26  Marine x2, Ghost x2  
  122  27:29  Ghost  
  128  27:35  Marine x2, Ghost x2  
  136  27:40  Ghost  
  136  27:41  Liberator  
  136  27:43  Siege Tank x2  
  147  27:53  Medivac  
  146  28:05  Ghost  
  148  28:06  Marine x4, Marauder  
  154  28:15  Hellbat x2  
Show
View Real Time Build Order
Export as new Build Order

Bly Zerg - Winner!

Build Orders: Hatch First, Brood Lord Corruptor 

Get SALT Encoding   

  12  0:01  Drone  
  13  0:12  Overlord  
  13  0:16  Drone  
  14  0:30  Drone x2  
  16  0:49  Hatchery  
  15  0:54  Drone x2  
  17  0:57  Drone  
  18  1:09  Extractor  
  17  1:12  Spawning Pool  
  17  1:15  Drone  
  17  1:19  Drone  
  18  1:27  Drone  
  19  1:43  Drone  
  20  1:52  Overlord  
  20  2:00  Queen x2  
  24  2:01  Zergling x4  
  26  2:11  Drone  
  26  2:12  Metabolic Boost, Drone  
  28  2:22  Zergling x2  
  29  2:27  Zergling x2  
  30  2:32  Overlord  
  30  2:36  Queen  
  33  2:45  Drone x2  
  35  2:54  Drone x2  
  37  3:03  Drone  
  37  3:05  Drone x2  
  40  3:11  Roach Warren  
  37  3:18  Zergling x6  
  37  3:19  Drone x3  
  43  3:22  Extractor  
  42  3:30  Overlord x2  
  42  3:41  Overlord  
  42  3:54  Roach x4  
  42  3:55  Roach x4  
  58  4:01  Overlord  
  58  4:02  Drone  
  59  4:14  Overlord  
  59  4:22  Zergling x16  
  62  4:34  Zergling x6  
  64  4:38  Ravager x4  
  68  4:48  Zergling x4  
  70  4:55  Lair  
  68  5:05  Hatchery  
  61  5:11  Drone x8  
  52  5:24  Drone x2  
  54  5:29  Drone  
  54  5:30  Drone x5  
  54  5:32  Extractor  
  54  5:33  Extractor  
  58  5:36  Drone  
  58  5:42  Drone  
  60  5:52  Zergling x4  
  62  5:58  Overlord, Glial Reconstitution  
  62  6:00  Overlord  
  62  6:03  Drone x5, Infestation Pit  
  66  6:12  Drone  
  67  6:21  Drone x3  
  70  6:31  Drone x8  
  78  6:33  Extractor  
  78  6:34  Extractor  
  78  6:39  Infestor x2  
  80  6:47  Roach  
  80  6:48  Roach  
  84  6:54  Roach  
  84  6:55  Roach x4  
  84  7:01  Roach x3  
  96  7:04  Roach  
  98  7:19  Overlord  
  98  7:20  Overlord x2  
  92  7:23  Hatchery  
  91  7:33  Overlord x3  
  91  7:35  Hatchery, Tunneling Claws  
  91  7:36  Burrow  
  90  7:44  Queen  
  90  7:46  Overlord  
  92  7:56  Evolution Chamber  
  91  7:58  Infestor x3  
  91  8:01  Ravager x3  
  91  8:03  Evolution Chamber  
  91  8:04  Drone  
  91  8:05  Drone x3  
  103  8:06  Drone  
  104  8:19  Queen  
  100  8:46  Zerg Ground Armor Level 1  
  100  8:47  Zerg Missile Weapons Level 1  
  96  8:53  Overlord  
  96  8:54  Roach x8  
  112  9:00  Drone x10  
  122  9:09  Overlord  
  122  9:27  Roach x10  
  142  9:41  Hive  
  142  9:42  Spire  
  141  9:46  Roach x7, Spawning Pool  
  141  9:48  Roach x8  
  141  9:49  Roach  
  141  9:51  Overlord x2  
  136  10:26  Drone x6  
  136  10:27  Drone  
  143  10:28  Extractor  
  143  10:29  Extractor  
  141  10:38  Zergling x28  
  141  10:39  Hatchery  
  141  10:41  Zerg Melee Weapons Level 1  
  154  10:43  Baneling Nest, Zerg Ground Armor Level 2  
  154  10:44  Ravager x2  
  154  10:45  Ravager x3  
  158  10:54  Hatchery  
  158  10:55  Greater Spire  
  152  11:06  Corruptor x4  
  152  11:08  Corruptor  
  162  11:33  Overlord, Centrifugal Hooks, Adrenal Glands  
  162  11:36  Drone  
  162  11:37  Drone x18  
  181  11:42  Spore Crawler x2  
  179  11:51  Roach x3  
  179  11:52  Roach x7  
  179  11:59  Roach x5  
  179  12:00  Corruptor x2  
  179  12:01  Corruptor  
  183  12:02  Overlord  
  183  12:03  Roach x5  
  183  12:06  Baneling  
  183  12:07  Baneling x14  
  185  12:08  Brood Lord  
  185  12:09  Brood Lord  
  177  12:28  Brood Lord x2  
  177  12:29  Zergling x30  
  191  12:45  Brood Lord  
  167  13:00  Zergling x18  
  167  13:05  Ultralisk Cavern  
  174  13:07  Roach  
  174  13:09  Drone  
  175  13:24  Hatchery  
  174  13:31  Zerg Melee Weapons Level 2  
  174  13:32  Zerg Ground Armor Level 3  
  174  13:33  Corruptor x4  
  182  13:34  Roach  
  182  13:35  Brood Lord x2, Hatchery, Roach x3  
  182  13:38  Brood Lord  
  182  13:40  Overseer  
  182  13:41  Overseer  
  187  13:54  Zerg Flyer Weapons Level 1, Chitinous Plating  
  187  14:02  Hatchery  
  182  14:10  Corruptor, Brood Lord x2  
  182  14:19  Zergling x24  
  182  14:20  Zergling x8  
  198  14:34  Spore Crawler x2  
  198  14:35  Spore Crawler x2, Corruptor x3  
  200  15:14  Hatchery  
  199  15:22  Hatchery  
  187  15:43  Drone  
  187  15:44  Drone x10  
  198  15:51  Spore Crawler  
  198  15:52  Zerg Melee Weapons Level 3  
  197  15:57  Viper  
  200  16:32  Queen x3  
  195  16:44  Anabolic Synthesis  
  195  16:46  Zerg Flyer Armor Level 1  
  195  17:01  Unknown  
  192  17:02  Infestor  
  192  17:03  Infestor  
  192  17:05  Viper  
  187  17:15  Spore Crawler  
  187  17:16  Spore Crawler  
  187  17:17  Spore Crawler x2, Zergling x2  
  187  17:18  Spore Crawler x2, Ultralisk x4  
  174  17:27  Ultralisk  
  174  17:28  Zergling x12, Ultralisk x5  
  176  17:38  Zergling x8  
  176  17:39  Zergling x4  
  182  17:46  Queen x3, Zergling x8  
  187  17:56  Baneling x8  
  187  17:57  Baneling x7  
  187  17:58  Zergling x10  
  156  18:07  Zergling x10  
  156  18:09  Baneling x9  
  149  18:15  Overseer  
  149  18:16  Overseer  
  142  18:21  Zergling x2  
  142  18:22  Zergling x12, Roach x2  
  142  18:25  Zergling x6  
  142  18:26  Queen x3  
  135  18:39  Ultralisk x3  
  135  18:40  Zerg Flyer Weapons Level 2  
  120  18:44  Zergling x2  
  120  18:45  Queen x2, Zergling x12  
  129  18:54  Extractor  
  121  18:55  Extractor  
  121  19:02  Queen, Ultralisk  
  123  19:03  Zergling x14  
  131  19:10  Drone x4  
  134  19:17  Zergling x8  
  134  19:21  Drone  
  139  19:29  Baneling x7  
  139  19:30  Baneling x4  
  139  19:33  Unknown  
  138  19:38  Drone  
  138  19:39  Drone  
  132  19:56  Ultralisk x2  
  132  19:57  Ultralisk  
  132  19:58  Zergling x32  
  132  19:59  Hatchery  
  165  20:06  Pneumatized Carapace  
  165  20:15  Drone x2  
  166  20:33  Zergling x2, Hatchery  
  166  20:34  Zergling x34  
  172  20:54  Ultralisk  
  172  20:55  Zergling x10, Ultralisk  
  179  21:06  Zergling x2  
  179  21:09  Hatchery  
  164  21:14  Infestor x4  
  164  21:17  Drone x2  
  174  21:19  Drone x2  
  174  21:27  Drone x4  
  174  21:28  Drone  
  178  21:46  Drone x11  
  178  21:47  Drone  
  190  21:57  Overseer  
  190  21:58  Overseer  
  184  22:24  Zerg Flyer Weapons Level 3  
  184  22:26  Corruptor x3  
  189  22:30  Extractor  
  189  22:33  Extractor  
  186  22:41  Drone x5  
  186  22:42  Drone x8  
  197  22:57  Extractor  
  196  23:05  Drone  
  196  23:06  Drone x2  
  196  23:12  Spore Crawler  
  198  23:15  Spore Crawler  
  198  23:17  Infestor  
  198  23:23  Drone x3  
  195  23:30  Drone x5  
  200  24:19  Spore Crawler  
  200  24:20  Spore Crawler  
  191  24:40  Spore Crawler  
  191  24:41  Spore Crawler  
  186  24:48  Drone x8  
  186  24:51  Spore Crawler x2  
  192  24:55  Spore Crawler  
  192  24:57  Spore Crawler  
  192  24:58  Drone  
  191  25:07  Infestor x2  
  191  25:14  Spore Crawler  
  191  25:15  Spore Crawler  
  189  25:26  Corruptor x5  
  199  25:41  Spore Crawler  
  199  25:42  Spore Crawler x2  
  194  26:05  Hatchery  
  194  26:08  Spore Crawler  
  166  26:36  Ultralisk x4  
  192  26:44  Overlord  
  192  26:45  Overlord x4  
  150  27:06  Ultralisk  
  150  27:07  Ultralisk x8  
  198  27:11  Hatchery  
  185  27:23  Zergling x8  
  185  27:24  Zergling x22  
  191  27:35  Overseer x2  
  191  27:42  Extractor x2  
  189  27:45  Drone x3  
  189  27:48  Zergling x14  
  189  27:50  Overlord x2  
  189  27:51  Overseer x4  
  198  27:56  Baneling x10  
  195  28:18  Zergling x28  
Tags
 
Add a new tag
Caveats
  • Supply blocks, unpowered buildings, or Contaminate may cause inaccurate times.
  • Supply counts are checked every 10 seconds.